 Dungeon Crawl Stone Soup version 0.29-a0-321-gf1c400731a (webtiles) character file.

Game seed: 3587636419409236758

2 experimilk the Grasshopper (level 1, 0/17 HPs)
             Began as a Palentonga Warper on Apr 3, 2022.
             Slain by a quokka (2 damage)
             ... on level 1 of the Dungeon.
             The game lasted 00:00:43 (228 turns).

experimilk the Grasshopper (Palentonga Warper)       Turns: 228, Time: 00:00:43

Health: 0/17       AC:  4    Str: 14    XL:     1   Next: 33%
Magic:  3/3        EV:  9    Int: 13    God:
Gold:   19         SH:  0    Dex:  9    Spells: 4/4 levels left

rFire   . . .      SeeInvis +   a - +0 mace
rCold   . . .      Faith    .   (no shield)
rNeg    . . .      Spirit   .   b - +0 leather armour
rPois   .          Reflect  .   (no helmet)
rElec   .          Harm     .   (no cloak)
rCorr   .          Rampage  .   (no gloves)
Will    .....                   (no barding)
Stlth   +.........              (no amulet)
HPRegen 0.05/turn               (no ring)
MPRegen 0.08/turn               (no ring)

@: no status effects
A: large, rugged brown scales 3, see invisible, deformed body, roll 1, armoured
tail
a: Rolling Charge


You were on level 1 of the Dungeon.
You visited 1 branch of the dungeon, and saw 1 of its levels.

You collected 19 gold pieces.

Inventory:

Hand Weapons
 a - a +0 mace (weapon)
Missiles
 d - 7 boomerangs of dispersal (quivered)
Armour
 b - a +0 leather armour (worn)
 e - a +0 scale mail
Scrolls
 c - a scroll of blinking
 g - a scroll of amnesia {unknown}
Potions
 f - a potion of heal wounds {unknown}


   Skills:
 - Level 2.0 Fighting
 * Level 2.2 Maces & Flails
 - Level 0.6 Throwing
 - Level 0.7 Armour
 - Level 1.5 Dodging
 - Level 2.0 Spellcasting
 - Level 3.0 Translocations


You had 4 spell levels left.
You didn't know any spells.
Your spell library contained the following spells:

 Spells                   Type           Power      Damage    Failure   Level
 Blink                    Tloc           18%        N/A       14%         2
 Gell's Gravitas          Tloc           9%         N/A       28%         3
 Lesser Beckoning         Tloc           9%         N/A       28%         3
 Teleport Other           Tloc           9%         N/A       28%         3
 Manifold Assault         Tloc           9%         N/A       95%         5


Dungeon Overview and Level Annotations

Branches:
Dungeon (1/15)

Altars:


Innate Abilities, Weirdness & Mutations

You are completely covered in rugged brown scales. (AC +3, +7% HP)
You have supernaturally acute eyesight. (SInv)
Armour fits poorly on your strangely shaped body.
You can roll at nearby foes to attack.
You have a long armoured tail.


Message History

There is a stone staircase leading down here.
You open the door.
There is an open door here.
Found a scroll labelled TAMEMA ULOL.
Found 11 gold pieces.
g - a scroll labelled TAMEMA ULOL You now have 19 gold pieces (gained 11).
Found a stone staircase leading down.
A quokka comes into view.
A quokka is nearby!
A quokka is nearby!
A quokka is nearby!
A kobold comes into view. It is wielding a +0 dagger.
The kobold shouts!
A ball python comes into view.
Roll where?
Press: ? - help, Dir - move target, f - quokka
Aim: a quokka You roll forward with a clatter of scales!
You closely miss the quokka.
The ball python hisses angrily.
The quokka barely misses you. The quokka bites you.
You miss the quokka.
Your tail-slap misses the quokka.
The quokka closely misses you. The ball python bites you.
The kobold attacks as you move away! The kobold hits you with a +0 dagger.
The ball python attacks as you move away!
The ball python completely misses you. The quokka attacks as you move away!
The quokka barely misses you. The kobold attacks as you move away!
The kobold hits you with a +0 dagger. The quokka attacks as you move away!
The quokka bites you but does no damage.
The quokka barely misses you.
You closely miss the kobold. The kobold hits you with a +0 dagger.
The kobold barely misses you.
You hit the kobold.
You kill the kobold!
The quokka bites you.
* * * LOW HITPOINT WARNING * * *
You hit the quokka but do no damage. The quokka bites you.
You die...

#..##..# #........ #..##..#
#........ #..#...#
#........ #..#..## ####
#........ #..#..#
...####........
...#..###.##.....##........
##.#......##.#.#.#.........
......######.#.#.#.........
####..######.#..@rS........
...#.........#.#.##........
...........................
##.......####....##########
###.####.# #.##### # #..#
#.####.....# # ##.#
#.##.....#.# # #.#
#.##.#...# #
#.###.##.#####.#


You could see a quokka and a ball python.

Vanquished Creatures
  An endoplasm (D:1)
  A frilled lizard (D:1)
  A kobold (D:1)
3 creatures vanquished.

Notes
Turn   | Place    | Note
-------+----------+-------------------------------------------
     0 | D:1      | experimilk the Palentonga Warper began the quest for the
                  | Orb.
     0 | D:1      | Reached XP level 1. HP: 17/17 MP: 3/3
   228 | D:1      | Slain by a quokka

Illustrated notes

Levels and vault maps discovered:
D:1:      saegor_arrival_simple_e, layout_basic

Action                   || total
-------------------------++-------
Melee: Mace              ||     9
 Abil: Rolling Charge    ||     2
Armor: Leather armour    ||     2
Dodge: Dodged            ||     6

Table legend: (Time is in decaauts)
 A = Elapsed time spent in this place.
 B = Non-inter-level travel time spent in this place.
 C = Inter-level travel time spent in this place.
 D = Time resting spent in this place.
 E = Time spent auto-exploring this place.
 F = Levels seen in this place.
 G = Mean time per level.
                   A        B        C        D        E       F      G
               +--------+--------+--------+--------+--------+-----+--------+
         Total |    230 |    230 |      0 |     59 |     39 |   1 |  230.0 |
       Dungeon |    230 |    230 |      0 |     59 |     39 |   1 |  230.0 |
               +--------+--------+--------+--------+--------+-----+--------+

Top non-repeatable levels by time:
     D:1: 230 daAuts
